 Dungeon Crawl Stone Soup version 0.22-a0-565-gfc6459a (webtiles) character file.

2769 Amnesiac the Prestidigitator (level 9, -12/39 HPs)
             Began as a Spriggan Wanderer on June 28, 2018.
             Was an Initiate of Gozag.
             Mangled by an orc warrior
             ... wielding a +0 glaive
              (25 damage)
             ... on level 7 of the Dungeon.
             The game lasted 00:15:53 (7980 turns).

Amnesiac the Prestidigitator (Spriggan Wanderer)    Turns: 7980, Time: 00:15:54

Health: -12/39     AC:  3    Str:  7 (9)  XL:     9   Next: 42%
Magic:  40/40      EV: 22    Int: 14 (15) God:    Gozag
Gold:   882        SH:  8    Dex: 15 (16) Spells: 14/24 levels left

rFire    . . .     SeeInvis +   a - +1 short sword (venom)
rCold    . . .     Gourm    .   p - +2 buckler
rNeg     . . .     Faith    .   c - +1 robe
rPois    .         Spirit   .   (helmet restricted)
rElec    .         Reflect  .   (no cloak)
rCorr    .         Harm     .   (gloves unavailable)
MR       +....                  (boots unavailable)
Stlth    ++++......             (no amulet)
HPRegen  0.13/turn              g - ring of magical power
MPRegen  0.27/turn              y - ring of magical power

@: very quick
A: very small, unfitting armour, hooves 1, see invisible, herbivore, speed 3,
mutation resistance 1, slow metabolism 2, wild magic 1
a: Potion Petition, Call Merchant, Bribe Branch, Renounce Religion


You were on level 7 of the Dungeon.
You worshipped Gozag.
Gozag was pleased with you.
You were not hungry.

You visited 2 branches of the dungeon, and saw 8 of its levels.

You collected 974 gold pieces.
You paid 92 gold pieces to Gozag.

Inventory:

Hand Weapons
 a - a +1 short sword of venom (weapon)
 b - a +2 dagger of speed
 v - a +0 blowgun
Armour
 c - a +1 robe (worn)
 p - a +2 buckler (worn)
Jewellery
 g - a ring of magical power (left hand)
 w - an uncursed ring of fire
 y - a ring of magical power (right hand)
Wands
 o - a wand of clouds (5)
 r - a wand of flame (16)
Scrolls
 d - a scroll of identify {!r}
 e - a scroll of fog {!r}
 j - a scroll of magic mapping {!r}
 m - a scroll of enchant armour {!r}
 s - a scroll of remove curse {!r}
 u - 2 scrolls of fear {!r}
 A - 2 scrolls of enchant weapon {!r}
Potions
 h - 2 potions of flight {!q}
 i - 2 potions of mutation {!q}
 k - 3 potions of brilliance {!q}
 l - a potion of agility {!q, unknown}
 n - a potion of curing {!q}
 x - a potion of haste {!q, unknown}
 z - a potion of cancellation {!q, unknown}
Comestibles
 f - 15 rations


   Skills:
 - Level 8.0 Short Blades
 + Level 7.5 Dodging
 - Level 8.0 Stealth
 - Level 2.4 Shields
 - Level 8.0 Spellcasting
 - Level 1.0 Summonings
 - Level 1.0 Fire Magic
 + Level 9.0 Evocations


You had 14 spell levels left.
You knew the following spells:

 Your Spells              Type           Power        Failure   Level  Hunger
b - Call Imp              Summ           ##......     26%         2    None
e - Mephitic Cloud        Conj/Pois/Air  #.......     56%         3    ##.....
s - Conjure Flame         Conj/Fire      #.......     50%         3    ##.....
v - Blink                 Tloc           N/A          34%         2    None

Your spell library contained the following spells:

 Spells                   Type           Power        Failure   Level  Hunger
 Magic Dart               Conj           #...         26%         1    None
 Slow                     Hex            #.......     34%         2    None


Dungeon Overview and Level Annotations

Branches:
Dungeon (7/15)             Temple (1/1) D:7

Altars:
Ashenzari
Cheibriados
Dithmenos
Elyvilon
Fedhas
Gozag
Hepliaklqana
Kikubaaqudgha
Makhleb
Nemelex Xobeh
Okawaru
Qazlal
Sif Muna
Trog
Uskayaw
Vehumet
Wu Jian
Xom
Yredelemnul
Zin
The Shining One


Innate Abilities, Weirdness & Mutations

You are very small and have problems with some larger weapons.
You are too small for most types of armour.
You have supernaturally acute eyesight. (SInv)
You are a herbivore.
You cover ground extremely quickly.
You need to consume almost no food.
You have large cloven feet.
You are somewhat resistant to further mutation.
Your spells are a little harder to cast, but a little more powerful.


Message History

The gnoll zombie hits you.
You hit the gnoll zombie.
The gnoll zombie is moderately damaged.
You hit the gnoll zombie.
The gnoll zombie is moderately damaged.
The gnoll zombie closely misses you.
You hit the gnoll zombie.
The gnoll zombie is severely damaged.
You hit the gnoll zombie.
The gnoll zombie is severely damaged.
You block the gnoll zombie's attack.
You puncture the gnoll zombie!
You destroy the gnoll zombie!
Found a basalt altar of Yredelemnul.
You now have 857 gold pieces (gained 7).
You now have 863 gold pieces (gained 6).
Found a flail.
You see here a flail.
You now have 882 gold pieces (gained 19).
f - 15 rations (gained 1)
Found a stone staircase leading up.
There is a stone staircase leading up here.
Found a hunting sling.
You see here a hunting sling.
Found 13 bolts.
You see here 13 bolts.
You see here 13 bolts.
Done exploring.
Done exploring.
Done exploring.
Done exploring.
There is a staircase to the Ecumenical Temple here.
You climb downwards.
Welcome back to the Ecumenical Temple!
There is a staircase back to the Dungeon here.
You climb upwards.
Welcome back to the Dungeon!
There is a staircase to the Ecumenical Temple here.
An orc warrior comes into view. It is wielding a glaive.
The orc warrior moves out of view.
You can't go down here!
What are your orders? t - Shout!
Orders for allies: a - Attack new target. r - Retreat! s - Stop attacking. g - Guard the area. f - Follow me.
Anything else - Cancel.
You shout for attention!
You hear a shout!
An orc comes into view.
An orc priest comes into view. It is wielding a club.
The orc priest calls down the wrath of Beogh upon you.
Beogh smites you! The orc warrior completely misses you.
The orc completely misses you.
You closely miss the orc.
Unknown command.
You hit the orc priest.
The orc priest is poisoned.
You kick the orc priest, but do no damage.
The orc priest is moderately wounded.
You block the orc's attack.
The orc priest invokes the aid of Beogh against you.
Beogh smites you!
* * * LOW HITPOINT WARNING * * *
The orc warrior hits you from afar with a glaive!!
Ouch! That really hurt!
You die...
Your body crumbles into a pile of gold.

#.#############.#.###
#.##...........###...
#..........####.#.###
#.............##.####
#.#....>..(..[.......
#.#.#.#.###.#........
#.#...o.# #.#########
#############.#oo...# #.#
.......)........@...# #.#
#############.#.....###.###
#.#...........##
########.#.#..........#
#..........#..........# #
#.######........#.#...# #
#.# #####.).#.#.#..###### #
#.# #..#.#.#.#..<.... # #.#
##..#.>.#..######


You could see an orc warrior, an orc priest and an orc.

Vanquished Creatures
  Grinder (D:3)
  4 yaks (D:6)
  Eustachio (D:5)
  2 sky beasts
  An orc warrior (D:7)
  Duvessa (D:5)
  2 ogres
  3 centaurs
  2 bullfrogs
  A scorpion (D:7)
  Dowan (D:5)
  3 jellies (D:6)
  3 howler monkeys
  A centaur zombie (D:5)
  A bullfrog zombie (D:5)
  2 orc priests
  3 orc wizards
  An iguana (D:7)
  3 worker ants
  A hound zombie (D:5)
  A hound skeleton (D:4)
  A howler monkey skeleton (D:6)
  4 adders
  An ooze (D:4)
  An adder zombie (D:6)
  3 adder skeletons (D:4)
  A worm (D:3)
  A dart slug (D:1)
  7 leopard geckos
  20 orcs
  4 bats
  5 giant cockroaches
  2 gnoll zombies (D:7)
  10 hobgoblins
  5 jackals
  8 kobolds
  2 ball pythons (D:1)
  6 frilled lizards
  6 goblins
  8 rats
133 creatures vanquished.

Vanquished Creatures (collateral kills)
  Menkaure (D:4)
  An ogre (D:6)
  An iguana (D:4)
  An adder (D:4)
  An orc (D:4)
  A giant cockroach (D:4)
  3 jackals (D:2)
9 creatures vanquished.

Grand Total: 142 creatures vanquished

Notes
Turn   | Place    | Note
-------+----------+-------------------------------------------
     0 | D:1      | Amnesiac the Spriggan Wanderer began the quest for the Orb.
     0 | D:1      | Amnesiac set off with: a potion of curing {!q}, a +0 robe, a +0 dagger, a ration
     0 | D:1      | Reached XP level 1. HP: 9/9 MP: 10/10
    87 | D:1      | Reached skill level 1 in Short Blades
   167 | D:1      | Reached XP level 2. HP: 12/13 MP: 12/12
   171 | D:1      | Learned a level 2 spell: Call Imp
   174 | D:1      | Learned a level 2 spell: Blink
   836 | D:4      | Reached XP level 3. HP: 16/16 MP: 13/13
   841 | D:4      | Learned a level 3 spell: Mephitic Cloud
   845 | D:4      | Learned a level 3 spell: Conjure Flame
   916 | D:4      | Noticed Menkaure
   936 | D:4      | Killed Menkaure
   936 | D:4      | Reached XP level 4. HP: 15/21 MP: 15/15
  1231 | D:4      | Reached XP level 5. HP: 24/24 MP: 16/16
  1709 | D:5      | Entered Level 5 of the Dungeon
  1710 | D:5      | Found a white marble altar of Elyvilon.
  1715 | D:5      | Noticed an ogre
  1715 | D:5      | Noticed Eustachio
  1836 | D:5      | Reached skill level 5 in Short Blades
  1836 | D:5      | Reached skill level 5 in Stealth
  2054 | D:5      | Noticed a centaur
  2057 | D:5      | Killed a centaur
  2057 | D:5      | Reached XP level 6. HP: 28/28 MP: 18/18
  2125 | D:5      | Noticed a sky beast
  2135 | D:5      | Killed a sky beast
  2189 | D:5      | Killed Eustachio
  2189 | D:5      | Reached XP level 7. HP: 24/32 MP: 19/19
  2436 | D:5      | Found an iron altar of Okawaru.
  2457 | D:5      | Noticed Dowan
  2458 | D:5      | Noticed Duvessa
  2462 | D:5      | Killed Dowan
  2919 | D:5      | Killed Duvessa
  2961 | D:6      | Found an opulent altar of Gozag.
  2969 | D:6      | Became a worshipper of Gozag Ym Sagoz the Greedy
  3072 | D:2      | You fall through a shaft!
  3768 | D:2      | Found a shadowy altar of Dithmenos.
  4691 | D:3      | Noticed Grinder
  4728 | D:3      | Paralysed by Grinder for 5 turns
  4743 | D:3      | Killed Grinder
  4743 | D:3      | Reached skill level 1 in Shields
  4743 | D:3      | Reached XP level 8. HP: 17/36 MP: 21/21
  5529 | D:6      | Found a shimmering altar of Xom.
  5530 | D:6      | Found an ornate altar of the Wu Jian Council.
  5737 | D:6      | Reached skill level 5 in Dodging
  5824 | D:6      | Found a glowing silver altar of Zin.
  5850 | D:6      | Reached skill level 1 in Evocations
  5902 | D:6      | Reached skill level 3 in Evocations
  5932 | D:6      | Reached skill level 4 in Evocations
  5958 | D:6      | Reached skill level 5 in Evocations
  5961 | D:6      | Reached skill level 6 in Evocations
  6236 | D:6      | Reached XP level 9. HP: 9/39 MP: 22/22
  6471 | D:6      | Reached skill level 7 in Evocations
  6713 | D:6      | Found a blossoming altar of Fedhas.
  6738 | D:6      | Gained mutation: Your spells are a little harder to cast, but a little more powerful. [potion of mutation]
  6738 | D:6      | Gained mutation: You have large cloven feet. [potion of mutation]
  6738 | D:6      | Gained mutation: You are somewhat resistant to further mutation. [potion of mutation]
  6744 | D:6      | Found a stormy altar of Qazlal.
  7002 | D:6      | Found a hide-covered altar of Uskayaw.
  7057 | D:7      | Found a staircase to the Ecumenical Temple.
  7065 | Temple   | Entered the Ecumenical Temple
  7297 | D:7      | Reached skill level 8 in Evocations
  7520 | D:7      | Reached skill level 9 in Evocations
  7676 | D:7      | Found a basalt altar of Yredelemnul.
  7980 | D:7      | Mangled by an orc warrior

Vault maps used:
D:1:      saegor_arrival_miasma, hangedman_abyss_or_decor_stabs, minivault_23
D:2:      st_stairs_9, nicolae_dithmenos_through_a_glass_darkly
D:3:      first_ration, corexii_corridor_pit, uniq_grinder
D:4:      uniq_menkaure
D:5:      lemuel_round_altar, basic_altar, uniq_eustachio, uniq_duvessa
D:6:      grunt_temple_overflow_forces_of_nature, marbit_many_paths,
          lemuel_round_altar, minitemple, old_standard_altar
D:7:      lemuel_zombie_altar_yredelemnul, minmay_temple_entry_grid
Temple:   minmay_temple_curvy_loop

Skill      XL: |  1  2  3  4  5  6  7  8  9 |
---------------+----------------------------+-----
Spellcasting   | 8 |  8.0
Short Blades   | 1 2 4 5 7 8 |  8.0
Stealth        | 4 5 7 8 |  8.0
Dodging        | 2 6 7 |  7.5
Shields        | 1 2 |  2.4
Evocations     | 6 9 |  9.0
Summonings     | |  1.0
Fire Magic     | |  1.0

Action                   |  1- 3 |  4- 6 |  7- 9 || total
-------------------------+-------+-------+-------++-------
Melee: Dagger            |   130 |    66 |    78 ||   274
       Short sword       |       |       |   284 ||   284
       Kick              |       |       |    16 ||    16
 Cast: Call Imp          |     5 |    16 |     6 ||    27
       Conjure Flame     |     2 |     5 |     5 ||    12
       Mephitic Cloud    |     1 |     2 |     2 ||     5
Evoke: Wand              |       |       |     9 ||     9
  Use: Scroll            |     3 |       |     6 ||     9
       Potion            |       |       |     4 ||     4
 Stab: Sleeping          |     5 |     3 |    20 ||    28
       Confused          |     1 |     4 |     1 ||     6
       Distracted        |       |     1 |     1 ||     2
  Eat: Ration            |       |       |     3 ||     3
Armor: Robe              |    18 |     8 |    16 ||    42
Dodge: Dodged            |    97 |    25 |   128 ||   250
Block: Buckler           |       |       |    58 ||    58

Table legend:
 A = Spawn XP
 B = Non-spawn XP
 C = Spawn XP percentage of total XP
 D = Spawn monster count
 E = Non-spawn monster count
 F = Spawn count percentage of total count
 G = Total turns spent on level
                    A         B        C        D         E        F      G
               +---------+---------+-------+---------+---------+-------+---------
         Total |       0 |    3956 |   0.0 |       0 |     142 |   0.0 |  7980
               +---------+---------+-------+---------+---------+-------+---------
           D:1 |       0 |      30 |   0.0 |       0 |      19 |   0.0 |   770
           D:2 |       0 |      58 |   0.0 |       0 |      22 |   0.0 |  1120
           D:3 |       0 |     500 |   0.0 |       0 |      33 |   0.0 |  1095
           D:4 |       0 |     242 |   0.0 |       0 |      16 |   0.0 |  1548
           D:5 |       0 |     863 |   0.0 |       0 |      10 |   0.0 |   967
           D:6 |       0 |    1452 |   0.0 |       0 |      24 |   0.0 |  1557
           D:7 |       0 |     811 |   0.0 |       0 |      18 |   0.0 |   707
               +---------+---------+-------+---------+---------+-------+---------
